 Dungeon Crawl Stone Soup version 0.28.0 (webtiles) character file.

Game seed: 3482553033679240923

136430 Findor the Severer (level 16, -12/155 HPs)
             Began as a Minotaur Berserker on Feb 9, 2022.
             Was an Elder of Trog.
             Killed by an exploding bloated husk (38 damage)
             ... on level 1 of the Swamp.
             The game lasted 01:12:55 (36535 turns).

Findor the Severer (Minotaur Berserker)            Turns: 36535, Time: 01:12:55

Health: -12/155    AC: 16    Str: 37    XL:     16   Next: 66%
Magic:  15/15      EV: 15    Int:  4    God:    Trog [****..]
Gold:   1789       SH: 12    Dex:  9    Spells: 15/15 levels left

rFire   . . .      SeeInvis .   a - +4 broad axe (elec)
rCold   . . .      Faith    .   A - +0 kite shield {reflect}
rNeg    . . .      Spirit   .   M - +1 ring mail {rPois}
rPois   +          Reflect  +   (helmet restricted)
rElec   .          Harm     .   r - +0 cloak
rCorr   .          Rampage  .   o - +0 pair of gloves
Will    +....                   n - +1 pair of boots
Stlth   ..........              s - amulet of reflection
HPRegen 0.35/turn               R - ring of flight
MPRegen 0.14/turn               y - +6 ring of strength

@: on berserk cooldown, flying, slowed, studying Dodging, very slow
A: horns 2, retaliatory headbutt
a: Renounce Religion, Berserk, Trog's Hand, Brothers in Arms


You were on level 1 of the Swamp.
You worshipped Trog.
Trog was greatly pleased with you.
You visited 5 branches of the dungeon, and saw 25 of its levels.

You collected 3315 gold pieces.
You spent 1526 gold pieces at shops.


Innate Abilities, Weirdness & Mutations

You have a pair of horns on your head.
You reflexively headbutt those who attack you in melee.


   Skills:
 - Level 17.3 Fighting
 - Level 18.0 Axes
 - Level 17.0 Armour
 - Level 17.4 Dodging
 * Level 2.8 Shields
 - Level 10.1 Evocations


You had 15 spell levels left.
You didn't know any spells.
Your spell library was empty.

Inventory:

Hand Weapons
 a - a +4 broad axe of electrocution (weapon)
   (You found it on level 9 of the Dungeon)
 b - a +1 hand axe of flaming
   (You took it off a wight on level 6 of the Dungeon)
Missiles
 g - 12 javelins (quivered)
 K - a throwing net {!f}
 O - 5 curare-tipped darts
Armour
 i - the +0 pearl dragon scales "Kedghag" {rElec rN+ Str+2 Stlth-}
   (You found it on level 12 of the Dungeon)

   Str:       It affects your strength (+2).
   rElec:     It insulates you from electricity.
   rN:        It protects you from negative energy.
   Stlth:     It makes you less stealthy.
 n - a +1 pair of boots (worn)
   (You found it on level 15 of the Dungeon)
 o - a +0 pair of gloves (worn)
   (You found it on level 6 of the Dungeon)
 p - +0 ice dragon scales
   (You found it on level 5 of the Lair of Beasts)
 r - a +0 cloak (worn)
   (You found it on level 3 of the Dungeon)
 A - a +0 kite shield of reflection (worn)
   (You took it off Donald on level 1 of the Elven Halls)
 M - a +1 ring mail of poison resistance (worn)
   (You took it off a deep elf knight on level 1 of the Elven Halls)
Jewellery
 e - a ring of resist corrosion
   (You found it on level 1 of the Dungeon)
 s - an amulet of reflection (around neck)
   (You found it on level 4 of the Dungeon)
 t - a ring of ice
   (You found it on level 15 of the Dungeon)
 y - a +6 ring of strength (right hand)
   (You found it on level 5 of the Dungeon)
 z - a ring of see invisible
   (You took it off a centaur on level 15 of the Dungeon)
 R - a ring of flight (left hand)
   (You found it on level 5 of the Lair of Beasts)
Wands
 d - a wand of iceblast (4)
   (You found it on level 13 of the Dungeon)
 x - a wand of acid (6)
   (You found it on level 6 of the Dungeon)
 D - a wand of mindburst (30)
   (You found it on level 6 of the Dungeon)
 J - a wand of polymorph (17)
   (You found it on level 7 of the Dungeon)
 X - a wand of charming (8)
   (You took it off Erica on level 10 of the Dungeon)
Scrolls
 f - a scroll of fog
 l - 9 scrolls of immolation {!r}
 u - 3 scrolls of holy word
 v - 5 scrolls of silence
 w - 6 scrolls of teleportation {@r4}
 H - a scroll of magic mapping
 L - 3 scrolls of fear
 U - a scroll of brand weapon
 V - 13 scrolls of identify {@r1}
 W - 3 scrolls of enchant armour
Potions
 h - 2 potions of might
 j - 3 potions of magic
 k - 6 potions of invisibility
 m - 6 potions of ambrosia
 q - 2 potions of curing {@q1}
 B - 3 potions of attraction {!q}
 C - a potion of lignification {!q}
 F - 3 potions of berserk rage
 I - a potion of cancellation
 N - 2 potions of haste {@q3}
 Q - a potion of mutation {!q}
 Y - 3 potions of resistance
Miscellaneous
 E - a lightning rod (4/4) {!a}
   (You found it on level 13 of the Dungeon)
 G - a phial of floods
   (You found it on level 13 of the Dungeon)
 P - a phantom mirror
   (You found it on level 1 of the Lair of Beasts)


Message History

You furiously retaliate!
You headbutt the spriggan druid! You slash the swamp dragon!
Lightning courses through the swamp dragon!!
You kill the swamp dragon!
Trog accepts your kill.
You slash the spriggan druid!
The bog body points at you and mumbles some strange words.
You resist with some effort.
The spriggan druid hits you but does no damage.
You miss the spriggan druid.
Your headbutt misses the spriggan druid.
The spriggan druid points at you and mumbles some strange words.
The stone arrow hits you!
You closely miss the spriggan druid. The spriggan druid barely misses you.
The bog body gestures at you while chanting.
The bolt of cold misses you.
A bloated husk comes into view.
The spriggan druid splashes around in the water.
You hit the spriggan druid but do no damage.
You are engulfed in freezing vapours.
* * * LOW HITPOINT WARNING * * *
You block the spriggan druid's attack.
Unknown command.
Unknown command.
The spriggan druid splashes around in the water.
The spriggan druid hits you with a +0 quarterstaff.
* * * LOW HITPOINT WARNING * * *
Unknown command.
Unknown command.
As you read the scroll of fear, it crumbles to dust.
You assume a fearsome visage.
The bloated husk is unaffected.
The spriggan druid resists with some effort.
The bog body is unaffected. x2; You block the bog body's attack.
The spriggan druid hits you but does no damage.
The bog body points at you and mumbles some strange words.
You resist with some effort.
The bog body points at you and mumbles some strange words.
The bolt of cold hits you!!!
* * * LOW HITPOINT WARNING * * *
Unknown command.
Unknown command.
Unknown command.
You feel much better.
You are engulfed in freezing vapours.
* * * LOW HITPOINT WARNING * * *
The bloated husk explodes!
The blast of putrescent gases engulfs the spriggan druid!!!
The spriggan druid dies!
You hear a splash. x2
The blast of putrescent gases engulfs you!!!
You die...

≈.≈.......≈.≈ ♣♣♣
.....≈...≈...≈.
...♣♣♣♣♣......≈≈≈≈≈≈.≈.
≈≈≈.♣.≈≈≈..♣.≈≈≈≈≈≈≈≈§.
≈§≈.......♣♣.≈≈≈≈≈≈≈≈≈.
≈≈≈........♣≈≈≈≈≈≈≈≈≈≈.
.≈≈...≈.≈≈≈.≈≈≈≈≈>≈≈≈≈.
♣≈.≈≈..≈≈≈≈..≈n≈≈§.≈≈≈≈
........≈≈≈.[)@n≈≈≈≈≈§.
.≈≈......≈...≈°≈≈≈≈≈≈≈.
≈≈.≈!.≈≈)..≈.≈§§≈≈≈≈≈.♣
§≈♣♣♣.≈≈.<≈.≈≈..(≈.≈.♣♣
♣ ♣♣≈.....≈≈.♣♣...≈≈.
♣≈.....≈.♣♣ ♣♣♣♣..
♣...≈≈≈..♣♣ .
♣.≈≈≈≈§≈≈.♣ ♣.≈≈≈≈≈≈≈.♣


You could see 2 bog bodies.

Vanquished Creatures
  Donald (Elf:1)
  The ghost of Thargor the Spry, an adept DjFE of Makhleb (Orc:1)
  2 orc warlords
  3 ghouls (D:13)
  A stone giant (D:15)
  Azrael (D:15)
  A dire elephant (Lair:6)
  A bunyip (Swamp:1)
  The ghost of Pyris the Peltast, a journeyman GrFi of Okawaru (Lair:6)
  4 boulder beetles
  6 hydras
  An ice dragon (Lair:5)
  Harold (D:10)
  2 vault guards (D:13)
  An ogre mage (D:15)
  10 centaur warriors
  3 death knights (D:13)
  2 catoblepae (D:13)
  Erica (D:10)
  A merfolk avatar (Lair:6)
  A dancing weapon (Elf:1)
  An alligator (Lair:2)
  16 two-headed ogres
  3 tengu warriors (D:15)
  Urug (Lair:2)
  4 orc high priests (Orc:2)
  2 deep elf knights (Elf:1)
  14 skeletal warriors
  2 spriggan druids (Lair:2)
  A swamp dragon (Swamp:1)
  A sea snake (Lair:6)
  A bog body (Lair:2)
  3 orc knights (Orc:2)
  3 wizards
  A harpy (shapeshifter) (D:14)
  2 deep elf archers (Elf:1)
  A necromancer (D:13)
  5 deep elf pyromancers
  A lindwurm (shapeshifter) (Elf:1)
  A flayed ghost (D:13)
  2 deep elf zephyrmancers (Elf:1)
  4 manticores
  7 orc sorcerers (Orc:2)
  2 oklob plants (Lair:5)
  6 cyclopes
  19 ugly things
  6 elephants
  Maurice (D:10)
  An ice statue (D:15)
  4 black mambas
  A gargoyle (D:12)
  3 torpor snails
  9 cane toads
  2 rime drakes
  13 komodo dragons
  3 freezing wraiths
  2 yaktaurs (D:13)
  An efreet (D:13)
  3 trolls
  A harpy zombie (D:13)
  A tyrant leech (Swamp:1)
  A polar bear (Lair:1)
  A meliai (Lair:6)
  A queen bee (Lair:6)
  12 slime creatures
  A wind drake (Lair:6)
  5 hornets
  A meliai (shapeshifter) (D:13)
  2 snapping turtles (Lair:6)
  9 blink frogs
  8 dream sheep
  A jumping spider (shapeshifter) (D:13)
  Sigmund (D:6)
  A centaur simulacrum (D:14)
  A shadow (D:12)
  2 vampires (D:11)
  A human (shapeshifter) (D:13)
  78 yaks
  5 spriggans
  3 wraiths
  A wyvern (Lair:3)
  18 humans (D:13)
  3 steam dragons
  7 basilisks
  5 fire elementals (D:15)
  4 vampire mosquitoes (D:12)
  A redback (Lair:3)
  4 wargs
  A swamp worm (shapeshifter) (D:14)
  2 swamp worms (Swamp:1)
  An acid dragon (D:13)
  20 water moccasins
  2 hell hounds (D:15)
  A black bear (Lair:2)
  A swamp drake (Swamp:1)
  A sky beast (D:6)
  An ice beast (D:7)
  41 orc warriors
  A meliai simulacrum (D:13)
  A necrophage (D:7)
  19 ogres
  18 centaurs
  5 wolves (Lair:3)
  A phantom (D:5)
  2 kobold brigands
  15 bullfrogs
  A gnoll sergeant (D:8)
  2 scorpions
  2 water moccasin skeletons (D:5)
  21 killer bees
  14 wights
  A jelly (D:5)
  A howler monkey (D:13)
  A crimson imp (D:4)
  8 centaur zombies
  3 centaur skeletons
  A bullfrog skeleton (D:5)
  33 orc priests
  Jessica (D:2)
  5 iguanas
  18 orc wizards
  5 hell rats (Lair:6)
  Natasha (thrice) (D:2)
  2 hound skeletons (D:4)
  A mummy (D:13)
  10 gnolls
  A howler monkey skeleton (D:5)
  7 adders
  3 shadow imps
  4 white imps
  An adder skeleton (D:4)
  7 worms
  4 dart slugs
  106 orcs
  4 ball pythons
  9 endoplasms
  A giant cockroach (D:1)
  7 goblins
  12 hobgoblins
  6 quokkas
  2 bats
  3 frilled lizards
  9 kobolds
  6 rats
834 creatures vanquished.

Vanquished Creatures (collateral kills)
  A hydra (Swamp:1)
  A spriggan druid (Swamp:1)
  2 swamp worms (Swamp:1)
4 creatures vanquished.

Vanquished Creatures (others)
  An ettin (Orc:1)
  3 two-headed ogres (Orc:1)
  A spriggan druid (Swamp:1)
  A deep elf zephyrmancer (Elf:1)
  An ugly thing (D:14)
  A bloated husk (Swamp:1)
  2 ball lightnings (Orc:1)
  25 fungi
  30 plants
  3 withered plants (D:13)
68 creatures vanquished.

Grand Total: 906 creatures vanquished

Notes
Turn   | Place    | Note
-------+----------+-------------------------------------------
     0 | D:1      | Findor the Minotaur Berserker began the quest for the Orb.
     0 | D:1      | Reached XP level 1. HP: 19/19 MP: 0/0
   210 | D:1      | Reached skill level 4 in Axes
   219 | D:1      | Reached XP level 2. HP: 22/26 MP: 1/1
   763 | D:1      | Found a faded altar of an unknown god.
   808 | D:1      | Reached skill level 5 in Axes
   905 | D:2      | Noticed Natasha
   914 | D:2      | HP: 3/26 [Natasha (4)]
   916 | D:2      | Noticed a crimson imp
   918 | D:2      | Killed Natasha
   919 | D:2      | Reached XP level 3. HP: 5/31 MP: 2/2
  1351 | D:2      | Noticed Jessica
  1361 | D:2      | Killed Jessica
  1362 | D:2      | Reached skill level 6 in Axes
  1362 | D:2      | Reached XP level 4. HP: 39/39 MP: 3/3
  1386 | D:3      | Noticed a scorpion
  1405 | D:3      | Killed a scorpion
  1406 | D:3      | Reached XP level 5. HP: 35/45 MP: 4/4
  1407 | D:3      | Reached skill level 7 in Axes
  1596 | D:3      | Reached ** piety under Trog
  1904 | D:2      | Noticed Natasha
  1910 | D:2      | Killed Natasha
  1958 | D:2      | Noticed Natasha
  1971 | D:2      | Killed Natasha
  1972 | D:2      | Reached skill level 8 in Axes
  2267 | D:2      | Reached XP level 6. HP: 48/51 MP: 5/5
  3223 | D:4      | Identified the +1 helmet of Grace {rElec Dex+3}
  3249 | D:4      | Reached *** piety under Trog
  3250 | D:4      | Reached skill level 9 in Axes
  3292 | D:4      | Identified the +0 robe of Birdsong {rElec rC- Will++ Int+3}
  3632 | D:4      | Found a burning altar of Makhleb.
  3633 | D:4      | Found a radiant altar of Vehumet.
  3640 | D:4      | Reached XP level 7. HP: 54/57 MP: 6/6
  3915 | D:5      | Entered Level 5 of the Dungeon
  3947 | D:5      | Reached skill level 10 in Axes
  4260 | D:5      | Reached skill level 11 in Axes
  4616 | D:5      | Reached **** piety under Trog
  4649 | D:5      | Found a staircase to the Ecumenical Temple.
  4700 | D:5      | Reached XP level 8. HP: 58/64 MP: 7/7
  4983 | D:5      | Reached skill level 12 in Axes
  5131 | D:6      | Noticed Sigmund
  5141 | D:6      | Killed Sigmund
  5402 | D:5      | Reached skill level 13 in Axes
  5869 | D:6      | Reached skill level 14 in Axes
  6063 | D:6      | HP: 18/99 [orc warrior (10)]
  6065 | D:6      | HP: 6/99 [orc warrior (12)]
  6067 | D:6      | Reached XP level 9. HP: 6/71 MP: 8/8
  6613 | D:6      | Found Wuyn's Weapon Emporium.
  6724 | D:7      | Found Pischirro's Magic Scroll Shop.
  6763 | D:7      | Bought a scroll of teleportation for 33 gold pieces
  6763 | D:7      | Bought a scroll of magic mapping for 38 gold pieces
  6763 | D:7      | Bought a scroll of enchant weapon for 82 gold pieces
  6763 | D:7      | Bought a scroll of identify for 22 gold pieces
  6763 | D:7      | Bought a scroll of identify for 22 gold pieces
  6785 | D:7      | Reached skill level 3 in Armour
  6805 | D:7      | Reached skill level 3 in Dodging
  7885 | D:8      | Found Juef's General Store.
  7894 | D:8      | Bought a scroll of identify for 26 gold pieces
  8190 | D:8      | Reached skill level 6 in Fighting
  8889 | D:9      | Reached XP level 10. HP: 83/83 MP: 9/9
  9248 | D:9      | Paralysed by a hornet for 2 turns
  9252 | D:9      | Reached skill level 15 in Axes
  9648 | D:9      | Reached skill level 6 in Armour
  9728 | D:10     | Entered Level 10 of the Dungeon
  9799 | D:10     | Noticed Harold
  9799 | D:10     | Noticed a skeletal warrior
  9799 | D:10     | Noticed a skeletal warrior
  9799 | D:10     | Noticed a skeletal warrior
  9799 | D:10     | Noticed a skeletal warrior
  9839 | D:9      | Killed a skeletal warrior
 10072 | D:11     | Noticed a cyclops
 10077 | D:11     | Killed a cyclops
 10078 | D:11     | Reached skill level 6 in Dodging
 10195 | D:11     | Found a frozen archway.
 10311 | D:11     | Noticed a two-headed ogre
 10316 | D:11     | Killed a two-headed ogre
 10412 | D:11     | Found a staircase to the Lair.
 10796 | D:11     | Noticed a five-headed hydra
 10805 | D:11     | Killed a one-headed hydra
 10806 | D:11     | Reached XP level 11. HP: 83/95 MP: 10/10
 10915 | D:11     | Noticed Sonja
 10921 | D:11     | Noticed Sonja
 10921 | D:11     | Sonja changed into Sonja the steam dragon
 10923 | D:11     | Killed Sonja the steam dragon
 11179 | Lair:1   | Entered Level 1 of the Lair of Beasts
 11399 | Lair:1   | Reached skill level 16 in Axes
 11401 | Lair:1   | Reached skill level 9 in Fighting
 11938 | Lair:1   | Reached skill level 9 in Armour
 13007 | Lair:2   | Noticed Urug
 13016 | Lair:2   | Killed Urug
 13135 | Lair:2   | Reached skill level 9 in Dodging
 13587 | Lair:2   | Found a staircase to the Swamp.
 14097 | D:7      | Bought a scroll of identify for 22 gold pieces
 14097 | D:7      | Bought a scroll of identify for 22 gold pieces
 14097 | D:7      | Bought a scroll of identify for 22 gold pieces
 14097 | D:7      | Bought a scroll of blinking for 82 gold pieces
 14097 | D:7      | Bought a scroll of immolation for 38 gold pieces
 14128 | D:8      | Bought a scroll of enchant armour for 97 gold pieces
 14131 | D:8      | Acquired 1217 gold pieces
 14133 | D:8      | Bought a scroll of brand weapon for 260 gold pieces
 14326 | Lair:3   | Reached XP level 12. HP: 101/107 MP: 11/11
 14354 | Lair:3   | Found a hole to the Spider Nest.
 14699 | Lair:3   | Reached skill level 17 in Axes
 16496 | Lair:5   | Reached ***** piety under Trog
 16607 | Lair:5   | Noticed a boulder beetle
 16637 | Lair:5   | Killed a boulder beetle
 16878 | Lair:5   | Noticed a five-headed hydra
 16890 | Lair:5   | Killed a one-headed hydra
 16907 | Lair:5   | Noticed an ice dragon
 16916 | Lair:5   | Killed an ice dragon
 16917 | Lair:5   | Reached skill level 12 in Fighting
 17277 | Lair:5   | Reached XP level 13. HP: 117/118 MP: 12/12
 17891 | Lair:5   | Reached skill level 1 in Evocations
 17939 | Lair:5   | Found a staircase to the Slime Pits.
 18707 | Lair:6   | Entered Level 6 of the Lair of Beasts
 18725 | Lair:5   | Reached skill level 12 in Armour
 19155 | Lair:6   | Reached skill level 18 in Axes
 19239 | Lair:6   | Reached skill level 3 in Evocations
 19820 | Lair:6   | Noticed a dire elephant
 19832 | Lair:6   | Killed a dire elephant
 19835 | Lair:6   | Found a transporter.
 19836 | Lair:6   | Found a transporter.
 19837 | Lair:6   | Noticed Pyris's ghost (journeyman GrFi)
 19976 | Lair:6   | Reached skill level 12 in Dodging
 20444 | Swamp:1  | Entered Level 1 of the Swamp
 20615 | Swamp:1  | Noticed a bunyip
 20949 | D:10     | Noticed Erica
 21227 | D:10     | Killed Erica
 21228 | D:10     | Reached XP level 14. HP: 60/129 MP: 13/13
 21231 | D:10     | Killed Harold
 21540 | D:10     | Found a staircase to the Orcish Mines.
 21644 | D:10     | Noticed Maurice
 21666 | D:10     | Killed Maurice
 22278 | D:10     | Paralysed by a kobold for 3 turns
 23414 | D:12     | Identified the +0 pearl dragon scales "Kedghag" {rElec rN+
                  | Str+2 Stlth-}
 23623 | D:12     | Reached skill level 6 in Evocations
 24311 | D:13     | Noticed a ghoul
 24396 | Orc:1    | Entered Level 1 of the Orcish Mines
 24428 | Orc:1    | Found a transporter.
 24431 | Orc:1    | Noticed Thargor's ghost (adept DjFE)
 24432 | Orc:1    | Identified the +8 great mace of Recklessness {vorpal,
                  | *Corrode rPois Int+2}
 24432 | Orc:1    | Identified the +11 great mace "Iryit" {drain, rC+}
 24870 | Orc:2    | Entered Level 2 of the Orcish Mines
 24914 | Orc:2    | Received a gift from Trog
 24914 | Orc:2    | Found the +8 frozen axe "Frostbite" {freezing cloud, *Noise
                  | Fly rC+}
 25830 | Orc:2    | Found Eptyvoap's Armour Boutique.
 25918 | Orc:2    | Found Poiph's Armour Shop.
 26097 | Orc:2    | Noticed an orc warlord
 26136 | Orc:2    | HP: 11/123 [orc warlord (37)]
 26853 | Orc:2    | Received a gift from Trog
 27204 | Orc:2    | Reached skill level 15 in Fighting
 27500 | Orc:2    | Killed an orc warlord
 27501 | Orc:2    | Reached XP level 15. HP: 135/135 MP: 14/14
 27851 | Orc:2    | Found Laablena's Antique Armour Emporium.
 28057 | Orc:2    | Found Zummow's Magic Scroll Shop.
 28068 | Orc:2    | Bought a scroll of identify for 20 gold pieces
 28068 | Orc:2    | Bought a scroll of acquirement for 520 gold pieces
 28068 | Orc:2    | Bought a scroll of identify for 20 gold pieces
 28068 | Orc:2    | Bought a scroll of teleportation for 30 gold pieces
 28068 | Orc:2    | Bought a scroll of fear for 35 gold pieces
 28068 | Orc:2    | Bought a scroll of teleportation for 30 gold pieces
 28068 | Orc:2    | Bought 3 scrolls of immolation for 105 gold pieces
 28068 | Orc:2    | Acquired a manual of Dodging
 28205 | Orc:2    | Found a staircase to the Elven Halls.
 28619 | D:13     | Reached skill level 15 in Armour
 28667 | D:13     | Found a gate to the Vaults.
 29775 | D:13     | Reached skill level 15 in Dodging
 29997 | D:13     | Noticed an orc warlord
 30428 | D:13     | Killed an orc warlord
 31154 | D:14     | Found a white marble altar of Elyvilon.
 31659 | D:14     | HP: 21/144 [red ugly thing (16)]
 32080 | D:14     | Reached skill level 9 in Evocations
 32181 | D:14     | Reached XP level 16. HP: 152/152 MP: 15/15
 32645 | Lair:6   | Killed Pyris's ghost
 33065 | Orc:1    | Found a transporter.
 33119 | Orc:1    | Killed Thargor's ghost
 33264 | D:15     | Entered Level 15 of the Dungeon
 33776 | D:15     | Noticed Azrael
 33795 | D:15     | Killed Azrael
 33930 | D:15     | HP: 27/152 [tengu warrior/arrow (11)]
 34311 | D:15     | Found a hazy altar of Hepliaklqana.
 35181 | D:15     | Found a staircase to the Depths.
 35452 | Elf:1    | Entered Level 1 of the Elven Halls
 35586 | Elf:1    | Noticed Donald
 35600 | Elf:1    | Killed Donald
 36515 | Swamp:1  | Reached skill level 1 in Shields
 36534 | Swamp:1  | HP: 29/155 [bog body/bolt of cold (37)]
 36535 | Swamp:1  | Killed by an exploding bloated husk

Levels and vault maps discovered:
D:1:      dpeg_arrival_shrine, layout_loops_cross,
          dilly_ecumenical_altar_fadedgnrine
D:2:      layout_basic, uniq_jessica, uniq_natasha
D:3:      layout_loops_ring
D:4:      layout_rooms, grunt_temple_overflow_lords_of_destruction,
          hangedman_decor_peaks_small, minmay_misc_feat_doors, minivault_1,
          nicolae_wormholes
D:5:      corexii_shack_village, layout_basic, minmay_temple_entry_glass,
          minmay_starry_boxes
D:6:      layout_cave_pods, serial_shops, nicolae_lakefront_shop, uniq_sigmund
D:7:      layout_basic, serial_shops, shop
D:8:      layout_gridville, serial_shops, nicolae_square_shop
D:9:      layout_roguey
D:10:     layout_basic, orc_0_dummy, uniq_maurice, uniq_harold, uniq_erica
D:11:     layout_irregular_city, lair_entry_dummy,
          portal_ice_cave_entry_pillars_2, uniq_sonja
D:12:     layout_roguey
D:13:     evilmike_diamond_2, layout_long_grid, grunt_vaults_entry_tiered,
          serial_undead, serial_undead_e, serial_undead_a, serial_undead_b,
          serial_undead_c, serial_undead_c, serial_undead_c, serial_undead_f
D:14:     layout_cave_pools, elyvilon_altar_4
D:15:     grunt_enter_depths_snipers, layout_long_grid,
          hangedman_decor_diamond_cutter, minivault_16,
          nzn_hepliaklqana_mist_gate, uniq_azrael
Lair:1:   layout_chaotic_city, fungi_pond_lemuel, grunt_megastairs_1
Lair:2:   layout_layer_cave, swamp_mist, uniq_urug
Lair:3:   layout_loops_ring, spider_nest_entry_webs
Lair:4:   layout_cave_pods, grunt_megastairs_5, serial_bayou_shore_a,
          serial_bayou_shore_b, infiniplex_staircase_pool
Lair:5:   layout_regular_city, minmay_slime_entry_oklob_enclosed,
          grunt_forest_small_clearings, bobbens_ice_dragon_lair,
          serial_bayou_shore_b
Lair:6:   gammafunk_lair_ancient_temple, layout_hall_layers,
          gammafunk_ghost_hive, chequers_serial_rivers_room_a
Swamp:1:  layout_basic_swamp, evilmike_swamp_ruin_house_2, swamp_pool4,
          infiniplex_staircase_pool_2
Orc:1:    layout_caves, gammafunk_ghost_smash
Orc:2:    pubby_orc_utopia
Elf:1:    layout_onion_city, orc_legates, minmay_shop_grove, uniq_donald

Action                   |  1- 3 |  4- 6 |  7- 9 | 10-12 | 13-15 | 16-18 || total
-------------------------+-------+-------+-------+-------+-------+-------++-------
Melee: Hand axe          |    59 |   164 |   114 |    10 |    54 |       ||   401
       Headbutt          |    10 |    37 |    52 |    60 |   223 |    47 ||   429
       Punch             |       |     3 |     6 |     6 |       |       ||    15
       War axe           |       |       |   200 |       |       |       ||   200
       Broad axe         |       |       |       |   406 |   956 |   213 ||  1575
Invok: Berserk           |       |     3 |     5 |     7 |    13 |     9 ||    37
       Trog's Hand       |       |       |     4 |    10 |    33 |    10 ||    57
Evoke: Wand              |       |       |       |    11 |    21 |       ||    32
       Phantom mirror    |       |       |       |       |     1 |       ||     1
  Use: Potion            |     1 |       |       |       |     9 |     1 ||    11
       Scroll            |       |       |    11 |    12 |    11 |     3 ||    37
 Stab: Confused          |       |       |       |       |     1 |     1 ||     2
       Petrifying        |       |       |       |       |     2 |       ||     2
Armor: Animal skin       |     1 |       |       |       |       |       ||     1
       Chain mail        |    20 |    57 |   117 |   156 |   105 |       ||   455
       Pearl dragon scal |       |       |       |       |   255 |    75 ||   330
       Ring mail         |       |       |       |       |       |    12 ||    12
Dodge: Dodged            |    23 |    37 |    96 |   145 |   421 |   137 ||   859
Block: Other             |       |     7 |    45 |    63 |       |       ||   115
       Reflection        |       |       |     3 |     3 |    11 |    19 ||    36
       Orb               |       |       |       |       |    25 |       ||    25
       Buckler           |       |       |       |       |   234 |    68 ||   302
       Kite shield       |       |       |       |       |       |    26 ||    26
